3L
MONTANA PANDAS @ KINGSTON TOWNSHIP LEGION
05/18/2025
 
TOP OF THE 1ST
Montana Pandas batting - Pitching for Kingston Township Legion : RHP Jon Briddon
Pitching: RHP Jon Briddon
Batting: SHB Juan Ortega 0-0: Ball
1-0: Ball
2-0: DOUBLE (Line Drive, 89M)
Batting: LHB Qi-zhen Loong 0-0: Ball
1-0: DOUBLE (Line Drive, 8LXD)
Juan Ortega scores
Batting: RHB Gabriel Maldonado 0-0: Called Strike
0-1: Called Strike
0-2: Ball
1-2: Foul Ball, location: 2F
1-2: Foul Ball, location: 2F
1-2: Ball
2-2: Strikes out swinging
Batting: RHB Dani Trejo 0-0: Foul Ball, location: 2F
0-1: Called Strike
0-2: Reached on error, E5 (Groundball, 56)
Qi-zhen Loong to third
Batting: SHB Tsing Guao 0-0: Called Strike
0-1: Foul Ball, location: 2F
0-2: Fly out, F8 (Flyball, 8RS)
Batting: RHB David Ramírez 0-0: Ball
1-0: Foul Ball, location: 2F
1-1: Ball
2-1: Foul Ball, location: 2F
2-2: Ball
3-2: Fly out, F8 (Line Drive, 8RM)
Top of the 1st over - 1 run(s), 2 hit(s), 1 error(s), 2 left on base; Montana 1 - Kingston Township 0
BOTTOM OF THE 1ST
Kingston Township Legion batting - Pitching for Montana Pandas : RHP Louis Webber
Pitching: RHP Louis Webber
Batting: LHB Forrest McCooke 0-0: Ball
1-0: Ball
2-0: Ball
3-0: Base on Balls
Batting: RHB Juan Aguirre 0-0: Ball
Forrest McCooke steals 2nd base
1-0: Foul Ball, location: 2F
1-1: Foul Ball, location: 2F
1-2: Ball
Wild Pitch!
Forrest McCooke to third
2-2: Ball
3-2: Foul Ball, location: 2F
3-2: Ground out U3 (Groundball, 34)
Forrest McCooke scores
Batting: LHB Clay Rush 0-0: Foul Ball, location: 2F
0-1: Called Strike
0-2: Ball
1-2: Foul Ball, location: 2F
1-2: Ball
2-2: Ball
3-2: DOUBLE (Line Drive, 89M)
Batting: RHB Layton Templeman 0-0: Fly out, F8 (Line Drive, 78M)
Batting: LHB Christian Blair 0-0: Ball
1-0: Ball
2-0: Called Strike
2-1: SINGLE (Flyball, 78M)
Clay Rush to third
Runner from 3rd tries for Home, SAFE, no throw
Batting: RHB José Icaza 0-0: Ball
1-0: Ball
2-0: Foul Ball, location: 2F
2-1: Ball
3-1: Base on Balls
Christian Blair to second
Batting: LHB Ron Goodwin 0-0: Called Strike
0-1: Ball
1-1: Ball
2-1: Ball
3-1: Base on Balls
Christian Blair to third
José Icaza to second
Batting: LHB Martín Núñes 0-0: Ball
1-0: Called Strike
1-1: SINGLE (Line Drive, 4)
Christian Blair scores
José Icaza to third
Ron Goodwin to second
Batting: RHB Pedro Mendoza 0-0: Fielders Choice at 2nd, 5-4 (Groundball, 5)
Bottom of the 1st over - 3 run(s), 3 hit(s), 0 error(s), 2 left on base; Montana 1 - Kingston Township 3
TOP OF THE 2ND
Montana Pandas batting - Pitching for Kingston Township Legion : RHP Jon Briddon
Batting: RHB Jim Scott 0-0: Called Strike
0-1: Fly out, F7 (Flyball, 7D)
Batting: SHB Mauro López 0-0: Ground out U3 (Groundball, 3)
Batting: RHB Eduardo Sánchez 0-0: Called Strike
0-1: Called Strike
0-2: Foul Ball, location: 2F
0-2: Ball
1-2: Ball
2-2: Strikes out swinging
Top of the 2nd over - 0 run(s), 0 hit(s), 0 error(s), 0 left on base; Montana 1 - Kingston Township 3
BOTTOM OF THE 2ND
Kingston Township Legion batting - Pitching for Montana Pandas : RHP Louis Webber
Batting: LHB Forrest McCooke 0-0: Bunt missed!
0-1: Ball
1-1: Ball
2-1: Ball
3-1: Base on Balls
Batting: RHB Juan Aguirre 0-0: Called Strike
0-1: SINGLE (Groundball, 34D)
Forrest McCooke to second
Runner from 2nd tries for 3rd, SAFE, throw made to third
Batting: LHB Clay Rush 0-0: Ball
1-0: Foul Ball, location: 2F
1-1: Foul Ball, location: 2F
1-2: Foul Ball, location: 2F
1-2: Ball
2-2: Foul Ball, location: 2F
2-2: SINGLE (Groundball, 3D)
Forrest McCooke scores
Juan Aguirre to second
Runner from 2nd tries for 3rd, SAFE, no throw
Batting: RHB Layton Templeman 0-0: Ball
1-0: Called Strike
1-1: DOUBLE (Groundball, 5L)
Juan Aguirre scores
Clay Rush to third
Batting: LHB Christian Blair 0-0: Ball
1-0: Foul Ball, location: 2F
1-1: Foul Ball, location: 2F
1-2: Ball
2-2: Foul Ball, location: 2F
2-2: Foul Ball, location: 2F
2-2: Fly out, F8 (Flyball, 89XD)
Runner from 3rd tags up, SCORES, no throw
Batting: RHB José Icaza 0-0: Called Strike
0-1: Ground out 6-3 (Groundball, 6)
Batting: LHB Ron Goodwin 0-0: Foul Ball, location: 2F
0-1: Ball
1-1: Ball
2-1: Called Strike
2-2: Ball
3-2: Base on Balls
Pitching: RHP Shi-lin Li
Batting: LHB Martín Núñes 0-0: Ball
1-0: Called Strike
1-1: Swinging Strike
1-2: Strikes out looking
Bottom of the 2nd over - 3 run(s), 3 hit(s), 0 error(s), 2 left on base; Montana 1 - Kingston Township 6
TOP OF THE 3RD
Montana Pandas batting - Pitching for Kingston Township Legion : RHP Jon Briddon
Batting: SHB Juan Ortega 0-0: Fly out, F9 (Line Drive, 9)
Batting: LHB Qi-zhen Loong 0-0: Ball
1-0: Ball
2-0: Ball
3-0: Called Strike
3-1: Ground out U3 (Groundball, 3L)
Batting: RHB Gabriel Maldonado 0-0: Ball
1-0: Ball
2-0: Called Strike
2-1: SOLO HOME RUN (Line Drive, 7LD), Distance : 378 ft
Batting: RHB Dani Trejo 0-0: Ball
1-0: Ball
2-0: Ball
3-0: Called Strike
3-1: Base on Balls
Batting: SHB Tsing Guao 0-0: Ball
1-0: Called Strike
1-1: Foul Ball, location: 2F
1-2: Ball
2-2: Strikes out swinging
Top of the 3rd over - 1 run(s), 1 hit(s), 0 error(s), 1 left on base; Montana 2 - Kingston Township 6
BOTTOM OF THE 3RD
Kingston Township Legion batting - Pitching for Montana Pandas : RHP Shi-lin Li
Batting: RHB Pedro Mendoza 0-0: Swinging Strike
0-1: Ball
1-1: Called Strike
1-2: Foul Ball, location: 2F
1-2: Foul Ball, location: 2F
1-2: Ball
2-2: Strikes out looking
Batting: LHB Forrest McCooke 0-0: Ball
1-0: Foul Ball, location: 2F
1-1: Ball
2-1: Swinging Strike
2-2: SINGLE (Flyball, 5L)
Batting: RHB Juan Aguirre 0-0: Ball
1-0: Called Strike
1-1: Swinging Strike
1-2: Ground out 5-3 (Groundball, 5S)
Forrest McCooke to second
Batting: LHB Clay Rush 0-0: Called Strike
0-1: Ground out 5-3 (Groundball, 56S)
Bottom of the 3rd over - 0 run(s), 1 hit(s), 0 error(s), 1 left on base; Montana 2 - Kingston Township 6
TOP OF THE 4TH
Montana Pandas batting - Pitching for Kingston Township Legion : RHP Jon Briddon
Batting: RHB David Ramírez 0-0: Foul Ball, location: 2F
0-1: Foul Ball, location: 2F
0-2: SINGLE (Groundball, 56D)
Batting: RHB Jim Scott 0-0: Ball
1-0: Called Strike
1-1: Ball
2-1: Foul Ball, location: 2F
2-2: Strikes out swinging
Batting: SHB Mauro López 0-0: Ball
1-0: Grounds into double play, 6-4-3 (Groundball, 6)
Top of the 4th over - 0 run(s), 1 hit(s), 0 error(s), 0 left on base; Montana 2 - Kingston Township 6
BOTTOM OF THE 4TH
Kingston Township Legion batting - Pitching for Montana Pandas : RHP Shi-lin Li
Batting: RHB Layton Templeman 0-0: Called Strike
0-1: Foul Ball, location: 2F
0-2: Foul Ball, location: 2F
0-2: Foul Ball, location: 2F
0-2: Ground out 3-1 (Groundball, 34)
Batting: LHB Christian Blair 0-0: Ball
1-0: Swinging Strike
1-1: Ball
2-1: Foul Ball, location: 2F
2-2: Ball
3-2: Ground out 4-3 (Groundball, 4)
Batting: RHB José Icaza 0-0: Called Strike
0-1: Ground out 5-3 (Groundball, 56S)
Bottom of the 4th over - 0 run(s), 0 hit(s), 0 error(s), 0 left on base; Montana 2 - Kingston Township 6
TOP OF THE 5TH
Montana Pandas batting - Pitching for Kingston Township Legion : RHP Jon Briddon
Batting: RHB Eduardo Sánchez 0-0: Ball
1-0: Called Strike
1-1: Ball
2-1: Called Strike
2-2: Ball
3-2: Foul Ball, location: 2F
3-2: Foul Ball, location: 2F
3-2: SINGLE (Groundball, 6MD)
Batting: SHB Juan Ortega 0-0: Swinging Strike
0-1: Swinging Strike
0-2: Ball
1-2: Ball
2-2: Ball
3-2: Fly out, F8 (Flyball, 8RM)
Batting: LHB Qi-zhen Loong 0-0: Ball
1-0: Foul Ball, location: 2F
1-1: Fly out, F7 (Flyball, 7)
Batting: RHB Gabriel Maldonado 0-0: Ground out 6-3 (Groundball, 6S)
Top of the 5th over - 0 run(s), 1 hit(s), 0 error(s), 1 left on base; Montana 2 - Kingston Township 6
BOTTOM OF THE 5TH
Kingston Township Legion batting - Pitching for Montana Pandas : RHP Shi-lin Li
Pitching: RHP Carlos Guzmán
Batting: LHB Ron Goodwin 0-0: Ball
1-0: Foul Ball, location: 2F
1-1: Foul Ball, location: 2F
1-2: Strikes out looking
Batting: LHB Martín Núñes 0-0: Swinging Strike
0-1: Ball
1-1: SINGLE (Groundball, 34D)
Batting: RHB Pedro Mendoza 0-0: Ball
1-0: Called Strike
1-1: Foul Ball, location: 2F
1-2: DOUBLE (Line Drive, 8LXD)
Martín Núñes to third
Runner from 3rd tries for Home, SAFE, no throw
Batting: LHB Forrest McCooke 0-0: Called Strike
0-1: Called Strike
0-2: Ball
1-2: Foul Ball, location: 2F
1-2: Ball
2-2: Ball
3-2: Strikes out swinging
Batting: RHB Juan Aguirre 0-0: Ball
1-0: Ball
2-0: Called Strike
2-1: Ball
3-1: Called Strike
3-2: Base on Balls
Batting: LHB Clay Rush 0-0: Called Strike
0-1: Foul Ball, location: 2F
0-2: Ball
1-2: Foul Ball, location: 2F
1-2: Hit by Pitch
Pedro Mendoza to third
Juan Aguirre to second
Pitching: RHP Frank Walker
Batting: RHB Layton Templeman 0-0: Ball
1-0: Foul Ball, location: 2F
1-1: Ground out U3 (Groundball, 3)
Bottom of the 5th over - 1 run(s), 2 hit(s), 0 error(s), 3 left on base; Montana 2 - Kingston Township 7
TOP OF THE 6TH
Montana Pandas batting - Pitching for Kingston Township Legion : RHP Jon Briddon
Batting: RHB Dani Trejo 0-0: Ball
1-0: Called Strike
1-1: Ball
2-1: Foul Ball, location: 2F
2-2: Foul Ball, location: 2F
2-2: Strikes out looking
Batting: SHB Tsing Guao 0-0: Called Strike
0-1: Ball
1-1: Called Strike
1-2: Ball
2-2: Ball
3-2: Fly out, F8 (Flyball, 8RXD)
Batting: RHB David Ramírez 0-0: Called Strike
0-1: Ball
1-1: Ground out U3 (Groundball, 34)
Top of the 6th over - 0 run(s), 0 hit(s), 0 error(s), 0 left on base; Montana 2 - Kingston Township 7
BOTTOM OF THE 6TH
Kingston Township Legion batting - Pitching for Montana Pandas : RHP Frank Walker
Batting: LHB Christian Blair 0-0: Called Strike
0-1: Ball
1-1: Ball
2-1: Called Strike
2-2: Ball
3-2: Base on Balls
Batting: RHB José Icaza 0-0: Called Strike
0-1: Ball
1-1: Called Strike
1-2: Foul Ball, location: 2F
1-2: Ball
2-2: Strikes out swinging
Batting: LHB Ron Goodwin 0-0: Called Strike
0-1: Ball
1-1: Ball
2-1: Foul Ball, location: 2F
2-2: Strikes out swinging
Batting: LHB Martín Núñes 0-0: Called Strike
0-1: Ball
1-1: Ball
2-1: Swinging Strike
2-2: Foul Ball, location: 2F
2-2: Ball
3-2: Base on Balls
Christian Blair to second
Batting: RHB Pedro Mendoza 0-0: Fly out, F7 (Flyball, 7S)
Bottom of the 6th over - 0 run(s), 0 hit(s), 0 error(s), 2 left on base; Montana 2 - Kingston Township 7
TOP OF THE 7TH
Montana Pandas batting - Pitching for Kingston Township Legion : RHP Jon Briddon
Batting: RHB Jim Scott 0-0: Called Strike
0-1: Ball
1-1: Foul Ball, location: 2F
1-2: Foul Ball, location: 2F
1-2: Foul Ball, location: 2F
1-2: Foul Ball, location: 2F
1-2: Ground out 3-1 (Groundball, 34)
Batting: SHB Mauro López 0-0: Ball
1-0: Ball
2-0: Foul Ball, location: 2F
2-1: Called Strike
2-2: Foul Ball, location: 2F
2-2: Fly out, F8 (Flyball, 8RM)
Batting: RHB Eduardo Sánchez 0-0: Ball
1-0: Called Strike
1-1: Ball
2-1: Foul Ball, location: 2F
2-2: SINGLE (Line Drive, 34D)
Pitching: LHP Rubén Rodríguez
Batting: SHB Juan Ortega 0-0: Fielders Choice at 2nd, 6-4 (Groundball, 6)
Top of the 7th over - 0 run(s), 1 hit(s), 0 error(s), 0 left on base; Montana 2 - Kingston Township 7
BOTTOM OF THE 7TH
Kingston Township Legion batting - Pitching for Montana Pandas : RHP Frank Walker
Batting: LHB Forrest McCooke 0-0: Ball
1-0: Foul Ball, location: 2F
1-1: Ball
2-1: Swinging Strike
2-2: Foul Ball, location: 2F
2-2: Strikes out swinging
Pitching: LHP Cody Brown
Batting: RHB Juan Aguirre 0-0: Called Strike
0-1: Ball
1-1: Ball
2-1: TRIPLE (Flyball, 78D)
Batting: LHB Clay Rush 0-0: DOUBLE (Line Drive, 9LM)
Juan Aguirre scores
Batting: RHB Layton Templeman 0-0: Ball
1-0: Ball
2-0: Ball
3-0: Called Strike
3-1: Foul Ball, location: 2F
3-2: Foul Ball, location: 2F
3-2: SINGLE (Line Drive, 7S)
Clay Rush to third
Runner from 3rd tries for Home, SAFE, no throw
Batting: LHB Christian Blair 0-0: Called Strike
0-1: DOUBLE (Groundball, 3L)
Layton Templeman to third
Batting: RHB José Icaza 0-0: Swinging Strike
0-1: Ground out 6-3 (Groundball, 6)
Layton Templeman scores
Batting: LHB Ron Goodwin 0-0: Ball
1-0: Ball
2-0: Ball
3-0: Called Strike
3-1: Foul Ball, location: 2F
3-2: Base on Balls
Batting: LHB Martín Núñes 0-0: Called Strike
0-1: Ball
1-1: Ball
2-1: Fly out, F8 (Line Drive, 8LS)
Bottom of the 7th over - 3 run(s), 4 hit(s), 0 error(s), 2 left on base; Montana 2 - Kingston Township 10
TOP OF THE 8TH
Montana Pandas batting - Pitching for Kingston Township Legion : LHP Rubén Rodríguez
Batting: LHB Qi-zhen Loong 0-0: Called Strike
0-1: Swinging Strike
0-2: Ball
1-2: Ball
2-2: Foul Ball, location: 2F
2-2: Foul Ball, location: 2F
2-2: Strikes out swinging
Batting: RHB Gabriel Maldonado 0-0: Ball
1-0: Called Strike
1-1: Ball
2-1: Ball
3-1: Foul Ball, location: 2F
3-2: Base on Balls
Batting: RHB Dani Trejo 0-0: Ball
1-0: Called Strike
1-1: Foul Ball, location: 2F
1-2: Ball
2-2: Foul Ball, location: 2F
2-2: Ball
3-2: SINGLE (Groundball, 6MD)
Gabriel Maldonado to second
Batting: SHB Tsing Guao 0-0: Foul Ball, location: 2F
0-1: Ball
1-1: Ball
2-1: Ball
3-1: Foul Ball, location: 2F
3-2: Grounds into double play, 6-4-3 (Groundball, 6)
Top of the 8th over - 0 run(s), 1 hit(s), 0 error(s), 1 left on base; Montana 2 - Kingston Township 10
BOTTOM OF THE 8TH
Kingston Township Legion batting - Pitching for Montana Pandas : LHP Cody Brown
Batting: RHB Pedro Mendoza 0-0: Ball
1-0: Ball
2-0: Foul Ball, location: 2F
2-1: Foul Ball, location: 2F
2-2: Strikes out swinging
Batting: LHB Forrest McCooke 0-0: Called Strike
0-1: Ground out 6-3 (Groundball, 6)
Batting: RHB Juan Aguirre 0-0: SINGLE (Line Drive, 56)
Batting: LHB Clay Rush 0-0: Ball
1-0: Foul Ball, location: 2F
1-1: Ball
2-1: Ball
3-1: Foul Ball, location: 2F
3-2: Base on Balls
Juan Aguirre to second
Batting: RHB Layton Templeman 0-0: Called Strike
0-1: Ball
1-1: Foul Ball, location: 2F
1-2: Foul Ball, location: 2F
1-2: Ground out 1-3 (Groundball, 13)
Bottom of the 8th over - 0 run(s), 1 hit(s), 0 error(s), 2 left on base; Montana 2 - Kingston Township 10
TOP OF THE 9TH
Montana Pandas batting - Pitching for Kingston Township Legion : LHP Rubén Rodríguez
Batting: RHB David Ramírez 0-0: Foul Ball, location: 2F
0-1: Ball
1-1: Ball
2-1: Foul Ball, location: 2F
2-2: Strikes out swinging
Batting: RHB Jim Scott 0-0: Ball
1-0: Called Strike
1-1: Swinging Strike
1-2: Strikes out looking
Batting: SHB Mauro López 0-0: Foul Ball, location: 2F
0-1: Ball
1-1: Ball
2-1: Fly out, F9 (Flyball, 9S)
Top of the 9th over - 0 run(s), 0 hit(s), 0 error(s), 0 left on base; Montana 2 - Kingston Township 10
Friday, December 30th, 2016 - OOTP Baseball 17.12 Build 75